 Dungeon Crawl Stone Soup version 0.24.0-13-gcf9b3192b9 (webtiles) character file.

Game seed: 13293768592485706509, levelgen mode: deterministic

11025 Aviak the Covert (level 11, -3/77 HPs)
             Began as an Octopode Enchanter on Nov 6, 2019.
             Was an Initiate of Gozag.
             Slain by a seven-headed hydra (7 damage)
             ... on level 10 of the Dungeon.
             The game lasted 00:35:59 (13486 turns).

Aviak the Covert (Octopode Enchanter)              Turns: 13486, Time: 00:35:59

Health: -3/77      AC:  3    Str:  7    XL:     11   Next: 71%
Magic:  10/23      EV: 18    Int: 24    God:    Gozag
Gold:   167        SH:  5    Dex: 13    Spells: 9/24 levels left

rFire    + . .     SeeInvis +   z - +2 dagger (holy)
rCold    + . .     Gourm    .   (no shield)
rNeg     . . .     Faith    .   (helmet restricted)
rPois    .         Spirit   .   G - +5 amulet of reflection
rElec    .         Reflect  +   Z - ring of see invisible
rCorr    .         Harm     .   F - ring of protection from fire
MR       .....                  p - +3 ring of intelligence
Stlth    ++++++....             C - ring of protection from cold
HPRegen  0.22/turn              (no ring)
MPRegen  0.18/turn              (no ring)
                                (no ring)
                                (no ring)

@: hasted, studying Fighting, very quick
A: almost no armour, stealthy swim, amphibious, 8 rings, constrict 8, molten
scales 1, camouflage 1, high mp 1, gelatinous body 1, MP-powered wands
a: Potion Petition, Call Merchant, Bribe Branch, Renounce Religion


You were on level 10 of the Dungeon.
You worshipped Gozag.
Gozag was aware of your devotion.
You were not hungry.

You visited 2 branches of the dungeon, and saw 11 of its levels.
You also visited: Ossuary and Bailey.

You collected 2418 gold pieces.
You spent 800 gold pieces at shops.
You paid 1451 gold pieces to Gozag.

Inventory:

Hand Weapons
 z - a +2 dagger of holy wrath (weapon)
Magical Staves
 D - an uncursed staff of power {MP+15, !a}
Jewellery
 p - a +3 ring of intelligence (on tentacle)
 C - a ring of protection from cold (on tentacle)
 F - a ring of protection from fire (right tentacle)
 G - a +5 amulet of reflection (around mantle)
 J - an uncursed amulet of guardian spirit {unknown}
 Z - a ring of see invisible (left tentacle)
Wands
 v - a wand of iceblast (3)
 A - a wand of random effects (23)
 E - a wand of polymorph (7)
Scrolls
 a - a scroll of fear {unknown}
 d - a scroll of silence {unknown}
 g - 2 scrolls of enchant armour {unknown}
 k - 2 scrolls of magic mapping
 n - 2 scrolls of random uselessness {unknown}
 r - 5 scrolls of remove curse
 s - 2 scrolls of fog {unknown}
 t - 2 scrolls of teleportation
 u - 3 scrolls of amnesia {unknown}
 y - 2 scrolls of holy word {unknown}
 H - a scroll of enchant weapon {unknown}
Potions
 b - a potion of ambrosia {unknown}
 c - a potion of curing
 h - 2 potions of agility
 i - a potion of experience {unknown}
 l - 2 potions of cancellation
 m - 2 potions of mutation {!q}
 o - 3 potions of brilliance
 q - a potion of berserk rage
 w - 2 potions of might {unknown}
 x - 2 potions of heal wounds {unknown}
 B - 3 potions of flight
 I - a potion of magic {unknown}
Books
 j - a manual of Fighting
Comestibles
 e - 12 rations


   Skills:
 + Level 8.2 Fighting
 + Level 5.4 Short Blades
 + Level 9.4 Dodging
 + Level 13.2 Stealth
 - Level 7.0 Spellcasting
 - Level 5.0 Hexes


You had 9 spell levels left.
You knew the following spells:

 Your Spells              Type           Power        Failure   Level  Hunger
a - Corona                Hex            ####...      1%          1    None
b - Ensorcelled Hibernat  Hex/Ice        ###...       3%          2    None
c - Confuse               Hex            ####....     2%          3    None
d - Tukima's Dance        Hex            ####....     2%          3    None
e - Dazzling Spray        Conj/Hex       ###...       8%          3    None
g - Regeneration          Chrm/Necr      #.........   22%         3    None

Your spell library contained the following spells:

 Spells                   Type           Power        Failure   Level  Hunger
 Confusing Touch          Hex            ####..       1%          1    None
 Animate Skeleton         Necr           N/A          7%          1    None
 Apportation              Tloc           #.....       7%          1    None
 Beastly Appendage        Tmut           #.....       7%          1    None
 Magic Dart               Conj           #...         7%          1    None
 Pain                     Necr           #...         7%          1    None
 Summon Small Mammal      Summ           #...         7%          1    None
 Searing Ray              Conj           #.....       11%         2    None
 Fulminant Prism          Conj/Hex       ###.......   26%         4    ###....
 Animate Dead             Necr           N/A          56%         4    ###....
 Force Lance              Conj/Tloc      #.......     56%         4    ###....
 Iskenderun's Mystic Bla  Conj           #.......     56%         4    ###....
 Alistair's Intoxication  Tmut/Pois      #.......     89%         5    #####..
 Death Channel            Necr           #.........   100%        6    ######.


Dungeon Overview and Level Annotations

Branches:
Dungeon (10/15)            Temple (1/1) D:5            Lair (0/6) D:10
Ossuary (visited)          Bailey (visited)
    Orc: D:9-12

Altars:
Ashenzari
Dithmenos
Elyvilon
Gozag
Kikubaaqudgha
Nemelex Xobeh
Okawaru
Ru
Sif Muna
Trog
Vehumet
Wu Jian
Xom
Yredelemnul
Zin
The Shining One

Shops:
D:8 %   D:10 :

Annotations:
D:8 3 runed translucent doors, Doodojopt's ghost, novice DgEE; Ruett's ghost, novice BaGl; Tyegef's ghost, novice DECj


Innate Abilities, Weirdness & Mutations

You cannot wear most types of armour.
You are very stealthy in the water. (Stealth+)
You are amphibious.
You can wear up to eight rings at the same time.
You can use your tentacles to constrict eight enemies at once.
Your skin changes colour to match your surroundings (Stealth+).
Your rubbery body absorbs attacks. (AC +1, EV +1)
You are partially covered in molten scales. (AC +2)
You have an increased reservoir of magic. (+10% MP)
You expend magic power (3 MP) to strengthen your wands.


Message History

Aim: a seven-headed hydra (chance to defeat MR: 18%)
Okay, then.
Casting: Ensorcelled Hibernation (safe; 3% risk of failure)
Confirm with . or Enter, or press ? or * to list all spells.
Aiming: Confuse (safe; 2% risk of failure)
Press: ? - help, Shift-Dir - straight line, f/p - seven-headed hydra
Aim: a seven-headed hydra (chance to defeat MR: 26%)
Okay, then.
Okay, then.
Okay, then.
Okay, then.
Okay, then.
Okay, then.
You feel yourself speed up. The seven-headed hydra bites you!
* * * LOW HITPOINT WARNING * * *
The seven-headed hydra bites you.
* * * LOW HITPOINT WARNING * * *
The seven-headed hydra misses you. The seven-headed hydra bites you!
You die...
Your body crumbles into a pile of gold.

..............,,,,,,,,,*
...........>..,,,,,,,,,*
..............,,,,,,,,,*
#####..#######********,*
#..# *,* #..# *,* #..#
*,*
#####..###############.#
.........l.....D@......#
.......#####...#####...#
(......# #§○°# **,,#
.......# #§§§# *,,*
....)..# #○§☼# *,,*
....).(#####...######.,*
......(.°○§.[...☼°°...,*
...(.(.(§§☼.....§☼§...,*
##.(###.§☼§...(.☼°§.##,*


You could see a seven-headed hydra and a komodo dragon.

Vanquished Creatures
  Joseph (D:8)
  Psyche (D:8)
  A troll (D:10)
  A hippogriff (D:9)
  8 yaks
  A wyvern (D:10)
  2 hungry ghosts
  A steam dragon (D:9)
  5 sky beasts
  11 orc warriors
  4 ice beasts
  2 phantoms
  A necrophage (D:9)
  4 ogres
  A black bear (D:10)
  9 centaurs
  2 big kobolds
  A gnoll sergeant (D:9)
  11 bullfrogs
  A water moccasin zombie (D:9)
  2 scorpions
  A water moccasin skeleton (D:8)
  28 killer bees
  5 wights
  2 howler monkeys
  4 crimson imps
  6 centaur zombies
  2 bullfrog zombies
  4 jellies
  7 orc wizards
  4 orc priests
  3 bullfrog skeletons
  5 hounds
  6 worker ants
  Terence (D:2)
  4 iguanas
  5 big kobold zombies (Ossuary)
  6 mummies (Ossuary)
  A worker ant zombie (D:7)
  12 gnolls
  7 adders
  A shadow imp (D:8)
  An ooze (D:1)
  An adder skeleton (D:6)
  4 leopard geckos
  57 orcs
  A ball python (D:3)
  8 bats
  8 giant cockroaches
  8 goblins
  12 hobgoblins
  7 jackals
  22 kobolds
  6 quokkas
  10 frilled lizards
  A giant cockroach zombie (D:4)
  3 hobgoblin zombies (Ossuary)
  A jackal skeleton (D:8)
  A quokka skeleton (D:8)
  15 rats
350 creatures vanquished.

Vanquished Creatures (collateral kills)
  A queen bee (D:9)
  An orc warrior (D:8)
  2 ogres
  A killer bee (D:9)
5 creatures vanquished.

Vanquished Creatures (others)
  A dancing weapon (D:8)
  An orc (D:9)
  9 plants (D:10)
  3 withered plants (D:8)
14 creatures vanquished.

Grand Total: 369 creatures vanquished

Notes
Turn   | Place    | Note
-------+----------+-------------------------------------------
     0 | D:1      | Aviak the Octopode Enchanter began the quest for the Orb.
     0 | D:1      | Reached XP level 1. HP: 11/11 MP: 3/3
   115 | D:1      | Reached XP level 2. HP: 17/17 MP: 5/5
   119 | D:1      | Learned a level 2 spell: Ensorcelled Hibernation
   545 | D:1      | Reached XP level 3. HP: 14/21 MP: 3/6
   550 | D:1      | Learned a level 3 spell: Confuse
  1234 | D:2      | Found an ornate altar of the Wu Jian Council.
  1287 | D:2      | Noticed Terence
  1294 | D:2      | Killed Terence
  1294 | D:2      | Reached XP level 4. HP: 12/27 MP: 2/7
  1297 | D:2      | Reached skill level 5 in Stealth
  1899 | D:3      | Found a white marble altar of Elyvilon.
  1917 | D:3      | Reached XP level 5. HP: 10/31 MP: 1/8
  3254 | D:3      | Found a sacrificial altar of Ru.
  3583 | D:3      | Reached XP level 6. HP: 32/36 MP: 9/9
  3590 | D:3      | Learned a level 3 spell: Tukima's Dance
  3697 | D:4      | Found a sparkling altar of Nemelex Xobeh.
  3734 | D:4      | Reached skill level 6 in Stealth
  3747 | D:4      | Found a radiant altar of Vehumet.
  3768 | D:4      | Found a shadowy altar of Dithmenos.
  4074 | D:4      | Reached skill level 1 in Fighting
  4074 | D:4      | Reached XP level 7. HP: 19/43 MP: 3/10
  4302 | D:4      | Found a basalt altar of Yredelemnul.
  4529 | D:5      | Entered Level 5 of the Dungeon
  4546 | D:5      | Found a staircase to the Ecumenical Temple.
  4562 | Temple   | Entered the Ecumenical Temple
  4681 | Temple   | Became a worshipper of Gozag Ym Sagoz the Greedy
  4812 | D:5      | Found a sand-covered staircase.
  4819 | Ossuary  | Entered an ossuary
  4859 | Ossuary  | Reached skill level 7 in Stealth
  4967 | Ossuary  | Reached skill level 5 in Hexes
  5357 | Ossuary  | Reached XP level 8. HP: 45/51 MP: 2/11
  6062 | D:5      | Reached skill level 5 in Dodging
  6659 | D:6      | Reached skill level 8 in Stealth
  7404 | D:7      | Reached skill level 9 in Stealth
  7420 | D:7      | Reached XP level 9. HP: 49/59 MP: 4/14
  7702 | D:7      | Reached skill level 5 in Fighting
  7708 | D:7      | Learned a level 3 spell: Dazzling Spray
  8079 | D:7      | Reached skill level 10 in Stealth
  8204 | D:7      | Gained mutation: You are partially covered in molten
                  | scales. (AC +2) [potion of mutation]
  8204 | D:7      | Gained mutation: You expend magic power (3 MP) to
                  | strengthen your wands. [potion of mutation]
  8204 | D:7      | Gained mutation: You have an increased reservoir of magic.
                  | (+10% MP) [potion of mutation]
  8443 | D:8      | Noticed Psyche
  8446 | D:8      | Killed Psyche
  8446 | D:8      | Reached skill level 5 in Spellcasting
  8454 | D:8      | Bought a ration for 65 gold pieces
  8454 | D:8      | Bought a ration for 65 gold pieces
  8454 | D:8      | Bought a ration for 65 gold pieces
  8505 | D:8      | Found a runed translucent gate.
  8507 | D:8      | Found a runed translucent gate.
  8509 | D:8      | Found a runed translucent gate.
  8510 | D:8      | Noticed Ruett's ghost (novice BaGl)
  8510 | D:8      | Noticed Tyegef's ghost (novice DECj)
  8513 | D:8      | Noticed Doodojopt's ghost (novice DgEE)
  8607 | D:8      | Reached XP level 10. HP: 68/68 MP: 19/19
  8673 | D:8      | Found a glowing golden altar of the Shining One.
  8678 | D:8      | Got a translucent rapier
  8679 | D:8      | Identified the +4 rapier of Strategic Superiority
                  | {antimagic, Fragile MR++ Dex+4 SInv} (You found it on level
                  | 8 of the Dungeon)
  8701 | D:8      | Noticed Joseph
  8704 | D:8      | Found a shimmering altar of Xom.
  8711 | D:8      | Killed Joseph
  8711 | D:8      | Reached skill level 11 in Stealth
 10410 | D:9      | Reached skill level 12 in Stealth
 10586 | D:9      | Reached XP level 11. HP: 28/75 MP: 16/23
 11799 | D:10     | Entered Level 10 of the Dungeon
 12042 | D:10     | Noticed a seven-headed hydra
 12165 | D:10     | Found a flagged portal.
 12193 | Bailey   | Entered a bailey
 12573 | Bailey   | Reached skill level 5 in Short Blades
 12573 | Bailey   | Reached skill level 13 in Stealth
 13039 | D:10     | Bought Xaedemum's Almanac of Mutagenic Darkness for 605
                  | gold pieces
 13043 | D:10     | Learned a level 3 spell: Regeneration
 13486 | D:10     | Slain by a seven-headed hydra

Levels and vault maps discovered:
D:1:      sevenhm_arrival_forest_fort_large_2, layout_basic
D:2:      layout_rooms, marbit_many_paths, uniq_terence
D:3:      layout_loops_cross, nicolae_ru_path_of_blood, old_standard_altar,
          minmay_lizard_king
D:4:      layout_cave_pools, vehumet_altar_wand_db,
          nicolae_dithmenos_the_darkroom, lemuel_crystal_altar,
          nicolae_overflow_crystal_walls
D:5:      layout_layer_cave, temple_statues, first_ration,
          chequers_ossuary_entry_cave
D:6:      layout_basic
D:7:      layout_rooms
D:8:      layout_loops_ring, lemuel_round_altar, lemuel_doored_altar,
          gammafunk_ghost_cemetery, uniq_psyche, uniq_joseph
D:9:      layout_small_grid, david_nohive_1, amethyst_killhole
D:10:     layout_long_grid, david_lair_shrubbed, enter_bailey_7,
          lemuel_flame_loot_1
Temple:   nicolae_temple_figure_eight

Skill      XL: |  1  2  3  4  5  6  7  8  9 10 11 |
---------------+----------------------------------+-----
Short Blades   | 2 3 5 |  5.4
Stealth        | 5 6 7 9 10 12 13 | 13.2
Dodging        | 3 4 5 7 8 9 |  9.4
Hexes          | 4 5 |  5.0
Fighting       | 1 2 4 5 7 8 |  8.2
Spellcasting   | 3 5 6 7 |  7.0

Action                   |  1- 3 |  4- 6 |  7- 9 | 10-12 || total
-------------------------+-------+-------+-------+-------++-------
Melee: Dagger            |    88 |   140 |   258 |   451 ||   937
       Constrict         |    19 |    28 |    33 |    76 ||   156
       Tentacles         |     9 |    13 |    30 |    75 ||   127
 Cast: Ensorcelled Hiber |     6 |    17 |    22 |    42 ||    87
       Confuse           |     2 |    10 |    33 |    83 ||   128
       Tukima's Dance    |       |     2 |       |     3 ||     5
       Dazzling Spray    |       |       |     5 |    15 ||    20
       Corona            |       |       |       |     2 ||     2
       Regeneration      |       |       |       |     1 ||     1
Invok: Call Merchant     |       |       |     1 |     1 ||     2
       Potion Petition   |       |       |       |     1 ||     1
Evoke: Wand              |       |       |    12 |     5 ||    17
  Use: Scroll            |       |       |     9 |     5 ||    14
       Potion            |       |       |     7 |     6 ||    13
 Stab: Sleeping          |    10 |    23 |    35 |    34 ||   102
       Distracted        |     1 |       |     2 |     5 ||     8
       Confused          |       |     3 |    17 |    24 ||    44
       Invisible         |       |       |       |     6 ||     6
  Eat: Chunk             |     2 |    11 |     2 |       ||    15
       Ration            |       |       |     5 |     6 ||    11
Armor: Skin              |     5 |    12 |    53 |    15 ||    85
Dodge: Dodged            |    48 |    98 |   163 |   367 ||   676
Block: Other             |       |       |     8 |    99 ||   107
       Reflection        |       |       |       |     4 ||     4
